 Dungeon Crawl Stone Soup version 0.31-a0-1159-g800acc2fd1 (webtiles) character file.

Game seed: 6154508933646849656

1655 Malachi the Mimic (level 8, -1/60 HPs)
             Began as an Armataur Shapeshifter on Dec 8, 2023.
             Slain by Joseph
             ... wielding a +0 quarterstaff
              (12 damage)
             ... on level 7 of the Dungeon.
             The game lasted 00:06:33 (6685 turns).

Malachi the Mimic (Armataur Shapeshifter)           Turns: 6685, Time: 00:06:34

Health: -1/60      AC:  6    Str: 20    XL:     8   Next: 68%
Magic:  8/8        EV:  6    Int: 11    God:
Gold:   350        SH:  0    Dex: 13    Spells: 7/7 levels left

rFire   . .          .
                       - Unarmed
rCold   . . .        (no shield)
rNeg    . . .        f - +1 chain mail
rPois   .            (helmet currently unavailable)
rElec   .            (cloak currently unavailable)
rCorr   .            (gloves currently unavailable)
SInv    .            (no barding)
Will    .....        (no amulet) Stlth
                     (no ring)
HPRegen 1.90/turn    (no ring)
MPRegen 0.11/turn

%: random rage (3%), roll
@: beast-form, corroded
A: beast (slay +4), large, deformed body, tough skin 3, armoured tail, roll 2,
long tongue, iridescent scales 1, agile 1, berserk 1, sense surroundings 1
a: Begin Untransformation


You were on level 7 of the Dungeon.
You were a hulking beast.
You visited 1 branch of the dungeon, and saw 7 of its levels.

You collected 350 gold pieces.

Inventory:

Hand Weapons
 r - a +0 demon whip
Missiles
 k - 3 throwing nets
Armour
 f - a +1 chain mail (worn)
Jewellery
 w - a ring of wizardry
Talismans
 c - a beast talisman
 d - a flux talisman
 j - a maw talisman
Wands
 i - a wand of roots (20)
 m - a wand of paralysis (12)
Scrolls
 e - 2 scrolls of enchant armour
 g - 2 scrolls of poison
 t - a scroll of teleportation
 v - a scroll of fear
Potions
 a - 2 potions of enlightenment
 b - a potion of lignification
 h - a potion of brilliance {unknown}
 l - 2 potions of heal wounds
 n - a potion of haste {unknown}
 o - a potion of attraction {unknown}
 p - a potion of magic {unknown}
 q - 2 potions of invisibility {unknown}
 s - a potion of ambrosia {unknown}
 u - a potion of cancellation


   Skills:
 - Level 1.7 Fighting
 - Level 1.3 Dodging
 - Level 3.1 Unarmed Combat
 * Level 9.5 Shapeshifting


You had 7 spell levels left.
You didn't know any spells.
Your spell library contained the following spells:

 Spells                   Type           Power      Damage    Failure   Level
 Summon Small Mammal      Summ           0%         N/A       97%         1
 Lesser Beckoning         Tloc           0%         N/A       99%         2
 Call Canine Familiar     Summ           0%         N/A       100%        3
 Gell's Gravitas          Tloc           0%         N/A       100%        3
 Summon Guardian Golem    Hex/Summ       0%         N/A       100%        3
 Teleport Other           Tloc           0%         N/A       100%        3


Dungeon Overview and Level Annotations

Branches:
Dungeon (7/15)
 Temple: D:4-7

Altars:
Ashenzari
Cheibriados
Elyvilon
Gozag
Nemelex Xobeh
Sif Muna
Trog
Uskayaw
Zin

Annotations:
D:7 Joseph


Innate Abilities, Weirdness & Mutations

You are a hulking beast.
Your limbs bulge with bestial killing power. (Slay +4)
Armour fits poorly on your strangely shaped body.
You have extremely tough skin. (AC +3)
You have a long armoured tail.
You roll and regenerate health when moving toward enemies. (Rampage Heal)
Your long tongue fully drains potion bottles. (2x potion effects)
You are partially covered in iridescent scales. (AC +2)
You are agile. (Dex +4, Str/Int -1)
You sometimes lose your temper in combat.
You passively map a small area around you.


Message History

You start resting.
You recover from your berserk rage.
You start resting.
HP restored.
Items here: )) [[ †.
Things that are here:
a +0 flail; an orc corpse; a hound corpse You see here a +0 robe.
You now have 350 gold pieces (gained 15).
Things that are here:
a +0 short sword; a +0 leather armour; an orc corpse You open the door.
There is an open door here.
Joseph, a Mercenary comes into view.
He is wielding a +0 quarterstaff and carrying a wand of acid.
Joseph shouts!
Joseph unwields a +0 quarterstaff.
Joseph wields a +0 sling.
Joseph shoots a sling bullet.
The sling bullet hits you!
Joseph is nearby!
Joseph is nearby!
Joseph is nearby!
Joseph is nearby!
Joseph shoots a sling bullet.
The sling bullet hits you.
You see here 16 gold pieces.
Joseph shoots a sling bullet.
The sling bullet hits you!
You are too injured to fight recklessly!
You are too injured to fight recklessly!
You are too injured to fight recklessly!
Joseph zaps a wand.
The bolt of acid hits you. The acid corrodes you!
You roll towards Joseph!
Joseph unwields a +0 sling.
Joseph wields a +0 quarterstaff.
Joseph hits you with a +0 quarterstaff.
You hit Joseph but do no damage. Joseph hits you with a +0 quarterstaff!
You hit Joseph.
Joseph is lightly wounded.
Joseph hits you with a +0 quarterstaff!
* * * LOW HITPOINT WARNING * * *
Aiming: Paralyse
Press: ? - help, Shift-Dir - straight line, f - Joseph
Aim: Joseph, wielding a +0 quarterstaff, wearing a +0 ring mail and carrying a wand of acid (lightly wounded, chance to affect: 31%) Joseph easily resists.
Joseph hits you with a +0 quarterstaff!
You die...

* * * * * ,, * *
*###
*###.##############
... , *
......@h.........+
...
*.##........$.####*
... , ##########.#
* ,.. ,, * #.# # ,,
##.###########
####.............
#...........#####
#...........'....
#...........#####


You could see Joseph.

Vanquished Creatures
  Menkaure (D:5)
  An ice beast (D:6)
  An ogre (D:6)
  A sky beast (D:6)
  A black bear (D:5)
  An orc warrior (D:7)
  4 scorpions
  A howler monkey (D:5)
  A gnoll bouda (D:5)
  5 orc priests (D:5)
  2 hounds
  A jelly (D:6)
  Ijyb (D:4)
  3 iguanas
  4 orc wizards
  13 gnolls
  8 adders
  A shadow imp (D:5)
  A white imp (D:5)
  2 ufetubi (D:6)
  2 worms
  6 dart slugs
  14 orcs
  7 bats
  6 endoplasms
  3 giant cockroaches
  16 goblins
  5 hobgoblins
  4 quokkas
  8 ball pythons
  3 frilled lizards
  5 kobolds
  6 rats
138 creatures vanquished.

Vanquished Creatures (others)
  An orc wizard (D:5)
1 creature vanquished.

Grand Total: 139 creatures vanquished

Notes
Turn   | Place    | Note
-------+----------+-------------------------------------------
     0 | D:1      | Malachi the Armataur Shapeshifter began the quest for the
                  | Orb.
     0 | D:1      | Reached XP level 1. HP: 15/15 MP: 1/1
    70 | D:1      | Reached skill level 1 in Fighting
   260 | D:1      | Reached XP level 2. HP: 23/23 MP: 2/2
   395 | D:1      | Reached skill level 3 in Shapeshifting
   606 | D:1      | Reached XP level 3. HP: 29/29 MP: 3/3
  1335 | D:2      | Reached XP level 4. HP: 34/36 MP: 4/4
  1675 | D:3      | Found a white marble altar of Elyvilon.
  1693 | D:3      | Found a sparkling altar of Nemelex Xobeh.
  1744 | D:3      | Gained mutation: You have large cloven feet. [potion of
                  | mutation]
  1744 | D:3      | Gained mutation: You are partially covered in iridescent
                  | scales. (AC +2) [potion of mutation]
  1744 | D:3      | Gained mutation: You are weak. (Str -2) [potion of
                  | mutation]
  1744 | D:3      | Lost mutation: You have large cloven feet. [potion of
                  | mutation]
  1744 | D:3      | Gained mutation: Your mind is acute. (Int +4, Str/Dex -1)
                  | [potion of mutation]
  1744 | D:3      | Gained mutation: You occasionally shout uncontrollably at
                  | your foes. [potion of mutation]
  1744 | D:3      | Gained mutation: You have a pair of small horns on your
                  | head. [potion of mutation]
  1750 | D:3      | Found a broken altar of Ashenzari.
  2429 | D:4      | Noticed a scorpion
  2436 | D:4      | Killed a scorpion
  2437 | D:4      | Reached skill level 4 in Shapeshifting
  2437 | D:4      | Reached XP level 5. HP: 41/41 MP: 5/5
  2534 | D:4      | Found a snail-covered altar of Cheibriados.
  2534 | D:4      | Found a glowing silver altar of Zin.
  2536 | D:4      | Found a bloodstained altar of Trog.
  2790 | D:4      | Reached skill level 5 in Shapeshifting
  3031 | D:4      | Noticed Ijyb
  3057 | D:4      | Killed Ijyb
  3058 | D:4      | Reached XP level 6. HP: 24/48 MP: 6/6
  3231 | D:5      | Entered Level 5 of the Dungeon
  3452 | D:5      | Noticed Menkaure
  3462 | D:5      | Killed Menkaure
  3463 | D:5      | Reached skill level 6 in Shapeshifting
  3831 | D:5      | Gained mutation: You roll and regenerate health when moving
                  | toward enemies. (Rampage Heal) [Armataur growth]
  3831 | D:5      | Reached XP level 7. HP: 48/53 MP: 7/7
  3984 | D:5      | Reached skill level 7 in Shapeshifting
  4077 | D:5      | Identified the +0 ring mail "Ogobea Comy" {rElec rPois MP+9
                  | Dex+4}
  4269 | D:5      | HP: 1/53 [orc/+0 dagger (3)]
  4281 | D:5      | Lost mutation: You are weak. (Str -2) [potion of mutation]
  4281 | D:5      | Lost mutation: You occasionally shout uncontrollably at
                  | your foes. [potion of mutation]
  4281 | D:5      | Lost mutation: You have a pair of small horns on your head.
                  | [potion of mutation]
  4281 | D:5      | Lost mutation: Your mind is acute. (Int +4, Str/Dex -1)
                  | [potion of mutation]
  4281 | D:5      | Gained mutation: You have hidden genetic potential. [potion
                  | of mutation]
  4281 | D:5      | Lost mutation: You have hidden genetic potential. [potion
                  | of mutation]
  4281 | D:5      | Gained mutation: You are agile. (Dex +4, Str/Int -1)
                  | [potion of mutation]
  4281 | D:5      | Gained mutation: You sometimes lose your temper in combat.
                  | [potion of mutation]
  4281 | D:5      | Gained mutation: You passively map a small area around you.
                  | [potion of mutation]
  4891 | D:5      | Reached skill level 8 in Shapeshifting
  4891 | D:5      | Reached XP level 8. HP: 58/60 MP: 8/8
  5469 | D:5      | Found a hide-covered altar of Uskayaw.
  5602 | D:6      | Found an opulent altar of Gozag.
  6101 | D:6      | Found a shimmering blue altar of Sif Muna.
  6321 | D:6      | Reached skill level 9 in Shapeshifting
  6678 | D:7      | Noticed Joseph
  6685 | D:7      | Slain by Joseph

Illustrated notes

Levels and vault maps discovered:
D:1:      saegor_arrival_fortress, layout_basic
D:2:      minmay_alternating_diamond, layout_loops_ring
D:3:      layout_basic, mainiacjoe_overflow_brackets, evilmike_ruin_ashenzari,
          overflow_temple_1_default
D:4:      kennysheep_the_goblin_king, layout_layer_cave,
          gammafunk_temple_overflow_claw
D:5:      layout_basic, marbit_many_paths, kennysheep_generic_room_2,
          uniq_menkaure
D:6:      layout_cave_pools, led_sif_pool, mainiacjoe_overflow_alcove_2
D:7:      layout_basic, okawaru_altar_gauntlet_db, temple_fountains,
          serial_glass, glass_columns_a, glass_columns_a, uniq_joseph,
          uniq_jeremiah

Skill      XL: |  1  2  3  4  5  6  7  8 |
---------------+-------------------------+-----
Fighting       | 1 |  1.7
Unarmed Combat | 3 |  3.1
Shapeshifting  | 3 4 5 6 8 9 |  9.5
Dodging        | |  1.3

Action                     |  1- 3 |  4- 6 |  7- 9 || total
---------------------------+-------+-------+-------++-------
  Melee: Unarmed           |   104 |   144 |   213 ||   461
         Tailslap          |    11 |    21 |    30 ||    62
         Punch             |     3 |     3 |     5 ||    11
         Headbutt          |       |    14 |    11 ||    25
  Evoke: Wand              |       |     1 |     2 ||     3
    Use: Scroll            |       |     8 |     2 ||    10
         Potion            |       |     1 |     5 ||     6
   Stab: Paralysed         |       |     4 |     6 ||    10
 Armour: Animal skin       |    34 |       |       ||    34
         Chain mail        |    46 |   139 |   207 ||   392
         Skin              |       |       |    27 ||    27
  Dodge: Dodged            |    28 |    30 |    49 ||   107

Table legend: (Time is in decaauts)
 A = Elapsed time spent in this place.
 B = Non-inter-level travel time spent in this place.
 C = Inter-level travel time spent in this place.
 D = Time resting spent in this place.
 E = Time spent auto-exploring this place.
 F = Levels seen in this place.
 G = Mean time per level.
                   A        B        C        D        E       F      G
               +--------+--------+--------+--------+--------+-----+--------+
         Total |   6682 |   6476 |    206 |   1504 |   4069 |   7 |  954.6 |
       Dungeon |   6682 |   6476 |    206 |   1504 |   4069 |   7 |  954.6 |
               +--------+--------+--------+--------+--------+-----+--------+

Top non-repeatable levels by time:
     D:5: 2339 daAuts
     D:2: 976 daAuts
     D:6: 844 daAuts
     D:4: 815 daAuts
     D:3: 740 daAuts
     D:1: 685 daAuts
     D:7: 281 daAuts
